 Dungeon Crawl Stone Soup version 0.29-a0-322-g68df515428 (webtiles) character file.

Game seed: 17991444130785506094

88 wakim the Insei (level 4, -5/29 HPs)
             Began as an Octopode Transmuter on Apr 6, 2022.
             Killed by divine providence
             ... invoked by an orc priest
              (10 damage)
             ... on level 3 of the Dungeon on Apr 7, 2022.
             The game lasted 00:10:55 (3028 turns).

wakim the Insei (Octopode Transmuter)               Turns: 3028, Time: 00:10:55

Health: -5/29      AC:  1    Str:  9    XL:     4   Next: 53%
Magic:  5/7        EV: 13    Int: 17    God:
Gold:   143        SH:  0    Dex: 12    Spells: 3/7 levels left

rFire   . . .      SeeInvis .     - Unarmed
rCold   . . .      Faith    .   (no shield)
rNeg    . . .      Spirit   .   (helmet currently unavailable)
rPois   .          Reflect  .   (no amulet)
rElec   .          Harm     .   (no ring)
rCorr   .          Rampage  .   (no ring)
Will    .....                   (no ring)
Stlth   +++.......              (no ring)
HPRegen 0.09/turn               (no ring)
MPRegen 0.10/turn               (no ring)
                                (no ring)
                                (no ring)

@: appendages, very slightly contaminated
A: tentacle spike 3, almost no armour, amphibious, 8 rings, camouflage 1,
gelatinous body 1, (nimble swimmer 1), tentacles
a: End Transformation


You were on level 3 of the Dungeon.
One of your tentacles had grown a beastly spike.
You visited 1 branch of the dungeon, and saw 3 of its levels.

You collected 185 gold pieces.
You spent 42 gold pieces at shops.

Inventory:

Missiles
 U - 5 curare-tipped darts {=f}
Scrolls
 M - a scroll of identify {unknown}
 R - a scroll of amnesia {unknown}
 S - a scroll of magic mapping {unknown}
Potions
 F - 5 potions of curing
 L - 3 potions of lignification {!q}
 O - a potion of resistance {unknown}
 P - 2 potions of invisibility {unknown}
 Q - a potion of might {unknown}
 T - a potion of degeneration {unknown}


   Skills:
 + Level 2.1 Fighting
 - Level 2.0 Dodging
 - Level 3.0 Stealth
 * Level 4.1 Unarmed Combat
 - Level 2.0 Spellcasting
 * Level 2.0 Transmutations


You had 3 spell levels left.
You knew the following spells:

 Your Spells              Type           Power      Damage    Failure   Level
a - Beastly Appendage     Tmut           16%        N/A       9%          1
x - Spider Form           Tmut/Pois      5%         N/A       36%         3

Your spell library contained the following spells:

 Spells                   Type           Power      Damage    Failure   Level
 Wereblood                Tmut           8%         N/A       12%         2
 Animate Skeleton         Necr           2%         N/A       19%         1
 Apportation              Tloc           2%         N/A       19%         1
 Summon Small Mammal      Summ           4%         N/A       19%         1
 Ice Form                 Ice/Tmut       5%         N/A       77%         4


Dungeon Overview and Level Annotations

Branches:
Dungeon (3/15)

Altars:

Shops:
D:1 !


Innate Abilities, Weirdness & Mutations

One of your tentacles has grown a beastly spike.
You cannot wear most types of armour.
You are amphibious.
You can wear up to eight rings at the same time.
Your skin changes colour to match your surroundings (Stealth+).
Your rubbery body absorbs attacks. (AC +1, EV +1)
((You are camouflaged when in or above water. (Stealth+)))
You have tentacles for arms and can constrict up to eight enemies at once.


Message History

You tentacle-slap the jackal but do no damage.
You squeeze the jackal.
You kill the jackal!
The jackal closely misses you.
You completely miss the jackal. Your grab misses the jackal.
You pierce the jackal.
You kill the jackal!
The orc priest barely misses you.
Things that are here:
a jackal corpse; a jackal corpse; 23/29 (+1)
You tentacle-slap the orc priest but do no damage.
Your grab misses the orc priest.
Your tentacle spike misses the orc priest.
Your tentacle spike disappears.
The orc priest misses you.
You barely miss the orc priest. Your grab misses the orc priest.
The orc priest hits you with a +0 hand axe. 18/29 (-5)
You closely miss the orc priest. Your grab misses the orc priest.
The orc priest begins to cast a cantrip, but forgets the words!
Casting: Beastly Appendage (safe; 9% risk of failure)
Confirm with . or Enter, or press ? or * to list all spells.
You miscast Beastly Appendage.
You are very lightly contaminated with residual magic.
Nothing appears to happen.
The orc priest hits you with a +0 hand axe.
* * * LOW HITPOINT WARNING * * *
12/29 (-6)
Casting: Beastly Appendage (safe; 9% risk of failure)
Confirm with . or Enter, or press ? or * to list all spells.
One of your tentacles grows a vicious spike.
The orc priest hits you with a +0 hand axe!
* * * LOW HITPOINT WARNING * * *
5/29 (-7)
You closely miss the orc priest. You grab the orc priest.
You pierce the orc priest, but do no damage.
You constrict the orc priest.
The orc priest calls down the wrath of Beogh upon you.
Beogh smites you!
You die...

#.##### ...#... #..#.##
#..#.## ############
#..#... #..o.......#
#.....# #.##..####.#
#.#####.##.# #..####o#
...........#
#..#..@.##########.####
#..#.#####.........#
#..#[#####.#########
#.o#.......#
#..#########


You could see an orc priest.

Vanquished Creatures
  4 adders (D:2)
  2 worms (D:2)
  2 dart slugs
  3 ball pythons
  4 bats
  4 endoplasms (D:2)
  2 giant cockroaches
  4 goblins
  3 hobgoblins
  2 jackals (D:3)
  4 kobolds (D:2)
  A quokka (D:2)
  3 frilled lizards
  5 rats
43 creatures vanquished.

Notes
Turn   | Place    | Note
-------+----------+-------------------------------------------
     0 | D:1      | wakim the Octopode Transmuter began the quest for the Orb.
     0 | D:1      | Reached XP level 1. HP: 13/13 MP: 3/3
   297 | D:1      | Found Myennar's Distillery.
   304 | D:1      | Bought a potion of curing for 42 gold pieces
   397 | D:1      | Reached skill level 1 in Stealth
   447 | D:1      | !bestwep
   562 | D:1      | Reached XP level 2. HP: 14/18 MP: 3/5
  1094 | D:2      | Reached XP level 3. HP: 11/23 MP: 6/6
  1574 | D:2      | Learned a level 3 spell: Spider Form
  1790 | D:2      | Reached XP level 4. HP: 27/29 MP: 5/7
  1884 | D:2      | Found a faded altar of an unknown god.
  2238 | D:2      | Reached skill level 4 in Unarmed Combat
  3028 | D:3      | Killed from afar by an orc priest

Illustrated notes

........... $.....
#......... ....
#...>..... ....
######...### #... ..#
#...# # #..# #.# #...###
#..# #.# ###.^..
######..#####.######.##.
.......@##...........###
#####....#.##.########
#......##.##
#..........#
#.#..#.###.# #.#..###
########### #.....
###..........
###..###...##.####.#
#...#..###...##...


Turn 447 on D:1: !bestwep

Levels and vault maps discovered:
D:1:      dpeg_arrival_chambers_temple_mockup, layout_loops_corners,
          serial_shops, shop, hangedman_feature_mirror
D:2:      minmay_inner_zag, layout_basic, dilly_ecumenical_altar_fadedgnrine
D:3:      layout_basic, minmay_misc_feat_encased, kennysheep_another_room,
          uniq_jessica

Skill      XL: |  1  2  3  4 |
---------------+-------------+-----
Stealth        | 1 2 3 |  3.0
Fighting       | 2 |  2.1
Unarmed Combat | 4 |  4.1
Dodging        | |  2.0
Spellcasting   | |  2.0
Transmutations | |  2.0

Action                   |  1- 3 |  4- 6 || total
-------------------------+-------+-------++-------
Melee: Unarmed           |    53 |    40 ||    93
       Constrict         |    13 |     7 ||    20
       Kick              |     9 |    10 ||    19
       Tentacles         |    10 |     4 ||    14
       Punch             |     1 |       ||     1
 Cast: Beastly Appendage |    20 |    14 ||    34
  Use: Potion            |       |     1 ||     1
 Stab: Sleeping          |     6 |     7 ||    13
Armor: Skin              |     2 |     1 ||     3
Dodge: Dodged            |    29 |    24 ||    53

Table legend: (Time is in decaauts)
 A = Elapsed time spent in this place.
 B = Non-inter-level travel time spent in this place.
 C = Inter-level travel time spent in this place.
 D = Time resting spent in this place.
 E = Time spent auto-exploring this place.
 F = Levels seen in this place.
 G = Mean time per level.
                   A        B        C        D        E       F      G
               +--------+--------+--------+--------+--------+-----+--------+
         Total |   3023 |   2925 |     98 |    281 |   2163 |   3 | 1007.7 |
       Dungeon |   3023 |   2925 |     98 |    281 |   2163 |   3 | 1007.7 |
               +--------+--------+--------+--------+--------+-----+--------+

Top non-repeatable levels by time:
     D:2: 1612 daAuts
     D:1: 1190 daAuts
     D:3: 221 daAuts
